 Dungeon Crawl Stone Soup version 0.29.1-2-gbd0b4ee654 (webtiles) character file.

Game seed: 2469771042442735167

56 GorkyZ the Chopper (level 3, -4/26 (28) HPs)
             Began as a Demonspawn Gladiator on Nov 23, 2022.
             Slain by a gnoll
             ... wielding a +0 halberd
              (6 damage)
             ... on level 2 of the Dungeon.
             The game lasted 00:02:38 (1249 turns).

GorkyZ the Chopper (Demonspawn Gladiator)           Turns: 1249, Time: 00:02:38

HP:   -4/26 (28)    AC:  4    Str: 16    XL:     3   Next: 69%
MP:   3/3           EV: 12    Int: 11    God:
Gold: 56            SH:  4    Dex: 14    Spells: 2/2 levels left

rFire   . . .      SeeInvis .   m - +2 short sword (drain)
rCold   . . .      Faith    .   (no shield)
rNeg    . . .      Spirit   .   b - +0 leather armour
rPois   .          Reflect  .   c - +0 helmet
rElec   .          Harm     .   (no cloak)
rCorr   .          Rampage  .   (no gloves)
Will    .....                   (no boots)
Stlth   +.........              (no amulet)
HPRegen 0.08/turn               (no ring)
MPRegen 0.08/turn               (no ring)

@: drained
A: big brain 1, condensation shield
a: no special abilities


You were on level 2 of the Dungeon.
You visited 1 branch of the dungeon, and saw 2 of its levels.

You collected 56 gold pieces.

Inventory:

Hand Weapons
 a - a +0 war axe
 m - a +2 short sword of draining (weapon)
Missiles
 d - 3 throwing nets (quivered)
 e - a javelin
 n - 4 atropa-tipped darts
Armour
 b - a +0 leather armour (worn)
 c - a +0 helmet (worn)
Jewellery
 h - a ring of magical power
Scrolls
 g - a scroll of enchant weapon {unknown}
 i - a scroll of brand weapon {unknown}
 j - a scroll of identify {unknown}
 k - a scroll of amnesia {unknown}
 l - a scroll of immolation {unknown}
 o - a scroll of enchant armour {unknown}
Potions
 f - a potion of flight {unknown}


   Skills:
 + Level 2.4 Fighting
 + Level 3.0 Axes
 + Level 2.1 Throwing
 + Level 1.0 Armour
 + Level 3.0 Dodging
 + Level 1.1 Evocations


You had 2 spell levels left.
You didn't know any spells.
Your spell library contained the following spells:

 Spells                   Type           Power      Damage    Failure   Level
 Sting                    Tmut/Pois      0%         1d3       41%         1
 Poisonous Vapours        Pois/Air       0%         N/A       54%         2
 Olgreb's Toxic Radiance  Pois           0%         N/A       99%         4


Dungeon Overview and Level Annotations

Branches:
Dungeon (2/15)

Altars:


Innate Abilities, Weirdness & Mutations

You have an unusually large brain. (Int +2)
A meltable shield of frost defends you. (SH +4)


Message History

The adder attacks as you move away! The adder closely misses you.
The adder bites you but does no damage. The adder attacks as you move away!
The adder barely misses you.
You hit the adder.
The adder is almost dead.
The adder barely misses you. The adder bites you.
You are poisoned.
The adder poisons you!
You closely miss the adder.
The adder is almost dead.
You feel sick.
You are no longer poisoned.
The gnoll hits you from afar with a +0 halberd.
The adder bites you but does no damage.
You hit the adder.
You kill the adder!
The gnoll barely misses you. The jackal closely misses you.
You miss the jackal. The gnoll misses you.
The jackal bites you but does no damage.
The gnoll barely misses you.
You barely miss the jackal. The jackal bites you. The jackal barely misses you.
The jackal bites you. The gnoll closely misses you.
You hit the jackal.
The jackal is severely wounded.
You block the jackal's attack. x2
The gnoll hits you from afar with a +0 spear.
* * * LOW HITPOINT WARNING * * *
The gnoll misses you. The jackal barely misses you.
You hit the jackal but do no damage.
The jackal is severely wounded.
The jackal barely misses you. The jackal misses you.
The jackal bites you but does no damage.
The gnoll hits you from afar with a +0 spear.
* * * LOW HITPOINT WARNING * * *
The gnoll barely misses you.
You hit the jackal.
You kill the jackal!
The jackal misses you. You block the gnoll's attack.
The gnoll hits you from afar with a +0 halberd.
You die...

#.....# #. ..#.......# .##.....#
#.# #.#.......# .......# ..
#.#.......# #### #......# #.
#.#......÷# #... . #.....#
#.##.........# #... .( #.....#
#..#.........# #... ...##.....#
##...........####.>.
.#........####.h.##..............
....#....)(.##.#@###...#######...
......†..†.....#†# #....# #...
###.#....#..##.gg###....# #...
#.##.#.#.....#Sr......# #... #
#.#.##.#..#g#......# ##...
..#.##.#......##...# #....
#..#.##.#..##..##...#####.#..
#..........###.##.....##.....
#.......##....g.....#....####


You could see 2 gnolls, an adder, a jackal, a goblin and a rat.

Vanquished Creatures
  2 adders (D:2)
  A dart slug (D:1)
  4 endoplasms (D:1)
  3 goblins
  5 hobgoblins
  3 jackals
  4 kobolds
  A quokka (D:1)
  3 ball pythons (D:1)
  A bat (D:1)
  A frilled lizard (D:2)
  6 rats
34 creatures vanquished.

Notes
Turn   | Place    | Note
-------+----------+-------------------------------------------
     0 | D:1      | GorkyZ the Demonspawn Gladiator began the quest for the
                  | Orb.
     0 | D:1      | Reached XP level 1. HP: 16/16 MP: 1/1
    51 | D:1      | Gained mutation: You have an unusually large brain. (Int
                  | +2) [demonic ancestry]
    51 | D:1      | Reached XP level 2. HP: 22/22 MP: 2/2
   669 | D:1      | Gained mutation: A meltable shield of frost defends you.
                  | (SH +4) [demonic ancestry]
   669 | D:1      | Reached XP level 3. HP: 27/27 MP: 3/3
  1063 | D:2      | Reached skill level 1 in Evocations
  1069 | D:2      | Reached skill level 1 in Armour
  1249 | D:2      | Slain by a gnoll

Illustrated notes

Levels and vault maps discovered:
D:1:      matt_arrival_grand_opening, layout_rooms
D:2:      layout_rooms, basic_altar

Skill      XL: |  1  2  3 |
---------------+----------+-----
Throwing       | 2 |  2.1
Axes           | 3 |  3.0
Evocations     | 1 |  1.1
Armour         | 1 |  1.0
Dodging        | 3 |  3.0
Fighting       | |  2.4

Action                   || total
-------------------------++-------
Melee: War axe           ||    72
       Short sword       ||    14
       Punch             ||     1
Armor: Leather armour    ||    42
Dodge: Dodged            ||    69
Block: Other             ||    13
